 Dungeon Crawl Stone Soup version 0.20.1-1-g8b1a95d66d (webtiles) character file.

60 Jynx the Changer (level 3, -3/25 HPs)
             Began as a Draconian Transmuter on Dec 27, 2017.
             Killed from afar by Natasha (5 damage)
             ... with a magic dart
             ... on level 3 of the Dungeon.
             The game lasted 00:03:21 (1737 turns).

Jynx the Changer (Draconian Transmuter)             Turns: 1737, Time: 00:03:24

Health: -3/25      AC:  5    Str: 12    XL:     3   Next: 80%
Magic:  5/6        EV: 12    Int: 13    God:
Gold:   79         SH:  0    Dex: 12    Spells: 1/7 levels left

rFire    . . .     SeeInvis .     - Unarmed
rCold    . . .     Gourm    .   (no shield)
rNeg     . . .     Faith    .   (armour unavailable)
rPois    .         Spirit   .   (helmet restricted)
rElec    .         Reflect  .   (no cloak)
rCorr    .         Harm     .   (no gloves)
MR       .....                  (no boots)
Stlth    ++........             (no amulet)
Regen    0.1/turn               (no ring)
MPRegen  0.1/turn               (no ring)

@: no status effects
A: unfitting armour, frail 1, wild magic 1, no potion heal 1, cold-blooded, AC
+5
a: no special abilities


You were on level 3 of the Dungeon.
You were hungry.

You visited 1 branch of the dungeon, and saw 3 of its levels.

You collected 79 gold pieces.

Inventory:

Missiles
 a - 30 arrows
Jewellery
 m - an uncursed ring of protection from cold
Scrolls
 e - a scroll of enchant armour
 j - a scroll of amnesia {unknown}
 k - a scroll of teleportation {unknown}
 o - a scroll of enchant weapon {unknown}
Potions
 h - a potion of agility {unknown}
 i - a potion of brilliance {unknown}
 n - a potion of ambrosia {unknown}
Books
 b - a book of Changes

   Spells                             Type                      Level
   a - Beastly Appendage              Transmutation                1
   b - Sticks to Snakes               Transmutation                2
   c - Spider Form                    Transmutation/Poison         3
   d - Ice Form                       Ice/Transmutation            4
   e - Blade Hands                    Transmutation                5
Comestibles
 c - 2 bread rations
 d - a meat ration
 l - 2 royal jellies


   Skills:
 - Level 1.1 Fighting
 - Level 1.7 Dodging
 + Level 1.1 Stealth
 + Level 3.0 Unarmed Combat
 + Level 2.5 Spellcasting
 * Level 3.2 Transmutations
 + Level 0.8 Poison Magic


You had one spell level left.
You knew the following spells:

 Your Spells              Type           Power        Failure   Level  Hunger
a - Beastly Appendage     Tmut           ##....       10%         1    #......
b - Sticks to Snakes      Tmut           ##......     14%         2    ###....
c - Spider Form           Tmut/Pois      #.........   41%         3    ###....


Dungeon Overview and Level Annotations

Branches:
Dungeon (3/15)

Altars:

Annotations:
D:3 Natasha, Robin


Innate Abilities, Weirdness & Mutations

Your plain brown scales are hard. (AC +5)
You cannot fit into any form of body armour.
You are cold-blooded and may be slowed by cold attacks.
You are frail. (-10% HP)
Your spells are a little harder to cast, but a little more powerful.
Potions are less effective at restoring your health.


Message History

The goblin hits you but does no damage. Natasha closely misses you.
The goblin hits you.
* * * LOW HITPOINT WARNING * * *
Unknown command.
Okay, then.
It was a potion of mutation.
You feel extremely strange.
You feel frail.
Your system partially rejects the healing effects of potions.
You feel less in control of your magic. The goblin hits you but does no damage.
Natasha misses you. The goblin closely misses you.
Robin says, "Feeling lonely?"
It was a potion of cancellation.
Your magical effects are unravelling.
You feel magically purged.
Your horns disappear.
The goblin barely misses you.
Natasha stares at you and mumbles some strange words.
The magic dart hits you!
You die...

#. #. #. #.
#? #.
###.##.####
.......h@g#
#.#.##.##g#
#......ggS#
####.##g###
...


.gg ..... ... ..##.##.## . .. #.# ..# You could see Robin, Natasha, a hobgoblin,
5 goblins and a ball python.

Vanquished Creatures
  2 dart slugs
  A leopard gecko (D:2)
  2 ball pythons
  2 giant cockroaches (D:2)
  11 goblins
  8 hobgoblins
  2 jackals (D:2)
  6 kobolds
  6 bats
  2 frilled lizards (D:1)
  7 rats
49 creatures vanquished.

Notes
Turn   | Place    | Note
-------+----------+-------------------------------------------
     0 | D:1      | Jynx the Draconian Transmuter began the quest for the Orb.
     0 | D:1      | Reached XP level 1. HP: 16/16 MP: 3/3
    69 | D:1      | Reached XP level 2. HP: 20/23 MP: 5/5
   125 | D:1      | Learned a level 2 spell: Sticks to Snakes
   675 | D:1      | Reached XP level 3. HP: 22/28 MP: 6/6
   736 | D:1      | Learned a level 3 spell: Spider Form
  1304 | D:2      | Reached skill level 1 in Stealth
  1732 | D:3      | Noticed Natasha
  1734 | D:3      | Noticed Robin
  1735 | D:3      | HP: 1/28 [goblin[Robin] (4)]
  1736 | D:3      | Gained mutation: You are frail. (-10% HP) [potion of mutation]
  1736 | D:3      | Gained mutation: Potions are less effective at restoring your health. [potion of mutation]
  1736 | D:3      | Gained mutation: Your spells are a little harder to cast, but a little more powerful. [potion of mutation]
  1737 | D:3      | Killed from afar by Natasha

Skill      XL: |  1  2  3 |
---------------+----------+-----
Transmutations | 3 |  3.2
Stealth        | 1 |  1.1
Fighting       | |  1.1
Dodging        | |  1.7
Unarmed Combat | |  3.0
Spellcasting   | |  2.5
Poison Magic   | |  0.8

Action                   || total
-------------------------++-------
Melee: Unarmed           ||   186
       Punch             ||     2
       Tailslap          ||    14
       Kick              ||     3
 Cast: Beastly Appendage ||     7
  Use: Scroll            ||     3
       Potion            ||     2
 Stab: Sleeping          ||     2
  Eat: Chunk             ||     2
Armor: Skin              ||    66
Dodge: Dodged            ||   150
